Description

Just a simple match from Harstem

VOD

https://www.youtube.com/watch?v=iukjcGC24Qs

Build Order

Get SALT Encoding   

  14  0:17  Pylon  
  16  0:40  Gateway  
  17  0:52  Assimilator  
  19  1:17  Nexus  
  19  1:27  Cybernetics Core  
  20  1:37  Assimilator  
  21  1:46  Pylon  
  24  2:03  Adept (Chrono Boost)  
  24  2:04  Warp Gate  
  28  2:24  Adept (Chrono Boost)  
  29  2:32  Twilight Council  
  32  2:47  Robotics Facility  
  34  3:00  Gateway  
  35  3:07  Gateway  
  36  3:16  Blink (Chrono Boost)  Keep Boosting
  40  3:33  Pylon  
  42  3:38  Warp Prism  
  48  3:55  Stalker x2  Warp In
  48  3:58  Pylon  
  54  4:19  Pylon  
Spawning Tool Build Advisor. Get it on Overwolf

Go to:

Details

  • Created by: math226
  • Published on: Sep 24, 2023
  • Modified on: Sep 24, 2023
  • Patch: 5.0.11
  • Difficulty: Medium
Show
View Real Time Build Order
Export as new Build Order

Comments (0)

There are no comments. Be the first!

Create an account to comment!